 Dungeon Crawl Stone Soup version 0.31-a0-626-g8143ab4f1d (webtiles) character file.

Game seed: 16730969735681918341

7072 Pooter the Cleaver (level 10, -14/93 HPs)
             Began as a Minotaur Berserker on Aug 25, 2023.
             Was an Elder of Trog.
             Killed from afar by an acid dragon (25 damage)
             ... with a splash of acid
             ... on level 9 of the Dungeon.
             The game lasted 00:42:57 (9194 turns).

Pooter the Cleaver (Minotaur Berserker)             Turns: 9194, Time: 00:42:58

Health: -14/93     AC: 15    Str: 25    XL:     10   Next: 84%
Magic:  9/9        EV: 11    Int:  4    God:    Trog [****..]
Gold:   392        SH:  0    Dex: 11    Spells: 9/9 levels left

rFire   . . .        a - +7 battleaxe
rCold   . . .        (shield currently unavailable)
rNeg    . . .        y - +1 swamp dragon scales
rPois   +            (helmet restricted)
rElec   .            (no cloak)
rCorr   .            h - +0 pair of gloves
SInv    .            G - +1 pair of boots
Will    ++...        (no amulet)
Stlth   +            j - +4 ring of protection
HPRegen 1.35/turn    p - ring of flight
MPRegen 0.11/turn

%: no passive effects
@: strong-willed, on berserk cooldown, flying, regenerating, slowed, very slow
A: horns 2, retaliatory headbutt
a: Renounce Religion, Berserk, Trog's Hand, Brothers in Arms


You were on level 9 of the Dungeon.
You worshipped Trog.
Trog was greatly pleased with you.
You visited 1 branch of the dungeon, and saw 9 of its levels.
You also visited: Ossuary.

You collected 446 gold pieces.
You spent 54 gold pieces at shops.

Inventory:

Hand Weapons
 a - a +7 battleaxe (weapon)
   (You took it off a wight on level 8 of the Dungeon)
 b - a +3 arbalest
   (You found it on level 4 of the Dungeon)
 i - a +2 morningstar of draining
   (You took it off an orc priest on level 8 of the Dungeon)
 A - a +1 spear of venom
   (You took it off a gnoll on level 5 of the Dungeon)
 H - a +1 heavy halberd
   (You took it off a gnoll on level 8 of the Dungeon)
Missiles
 m - 16 boomerangs (quivered)
 s - 53 poisoned darts
 v - 6 atropa-tipped darts
 E - a curare-tipped dart
 Q - 82 stones
Armour
 h - a +0 pair of gloves (worn)
   (You found it on level 1 of the Dungeon)
 y - +1 swamp dragon scales (worn)
   (You found it on level 4 of the Dungeon)
 G - a +1 pair of boots (worn)
   (You found it on level 5 of the Dungeon)
 J - a +0 plate armour
   (You took it off an orc warrior on level 8 of the Dungeon)
Jewellery
 j - a +4 ring of protection (left hand)
   (You found it on level 1 of the Dungeon)
 p - a ring of flight (right hand)
   (You found it on level 3 of the Dungeon)
 I - a ring of ice
   (You took it off a wight on level 6 of the Dungeon)
Wands
 n - a wand of quicksilver (6)
   (You found it on level 2 of the Dungeon)
Scrolls
 f - a scroll of revelation
 l - 3 scrolls of noise {!r}
 o - 2 scrolls of immolation {!r}
 q - a scroll of enchant armour
 r - 3 scrolls of blinking
 w - a scroll of summoning
 x - a scroll of silence
 z - 3 scrolls of poison
 B - 7 scrolls of teleportation {unknown}
 L - 3 scrolls of fog
Potions
 c - a potion of might {unknown}
 d - a potion of ambrosia {unknown}
 e - 3 potions of heal wounds {unknown}
 g - 3 potions of degeneration {unknown}
 k - 4 potions of haste {@q3}
 t - 3 potions of attraction {unknown}
 u - 2 potions of mutation {unknown}
 C - 6 potions of curing {@q1}
 D - a potion of magic {unknown}
 F - 2 potions of brilliance {unknown}
 K - a potion of lignification {unknown}


   Skills:
 + Level 9.9 Fighting
 * Level 13.2 Axes
 * Level 11.2 Ranged Weapons
 - Level 2.4 Armour
 - Level 2.1 Dodging


You had 9 spell levels left.
You didn't know any spells.
Your spell library was empty.

Dungeon Overview and Level Annotations

Branches:
Dungeon (9/15) Zot: 26835  Temple (0/1) D:4            Lair (0/5) D:9
    Orc (0/2) D:9         Ossuary (visited)

Altars:
Dithmenos
Hepliaklqana
Makhleb
Okawaru
Ru
Trog
Vehumet
Xom
Zin
The Shining One

Shops:
D:8 *


Innate Abilities, Weirdness & Mutations

You have a pair of horns on your head.
You reflexively headbutt those who attack you in melee.


Message History

You kill the iguana!
Trog accepts your kill.
An acid dragon comes into view.
b - a +3 arbalest (weapon)
The acid dragon roars!
Fire: b) +3 arbalest
Press: ? - help, Q - select action, (/) - cycle Shift-Dir - straight line, f - acid dragon
Aim: an acid dragon (65% to hit)
You shoot a bolt. The bolt barely misses the acid dragon.
The acid dragon spits acid at you. The splash of acid misses you.
Fire: b) +3 arbalest
Press: ? - help, Q - select action, (/) - cycle Shift-Dir - straight line, f/p - acid dragon
Aim: an acid dragon (catching its breath, 65% to hit)
You shoot a bolt.
The bolt closely misses the acid dragon.
A water moccasin comes into view.
Fire: b) +3 arbalest
Press: ? - help, Q - select action, (/) - cycle Shift-Dir - straight line, f/p - acid dragon
Aim: an acid dragon (catching its breath, 65% to hit)
You shoot a bolt. The water moccasin hisses angrily.
The bolt hits the acid dragon.
Fire: b) +3 arbalest
Press: ? - help, Q - select action, (/) - cycle Shift-Dir - straight line, f/p - acid dragon
Aim: an acid dragon (moderately wounded, 65% to hit)
You can't see any item there.
You shoot a bolt.
The bolt completely misses the acid dragon.
The bolt hits the water moccasin!
The acid dragon barely misses you. x2; The water moccasin barely misses you.
The acid dragon bites you.
* * * LOW HITPOINT WARNING * * *
The acid dragon claws you but does no damage.
Unknown command.
a - a +7 battleaxe (weapon)
The water moccasin barely misses you.
The acid dragon bites you but does no damage.
The acid dragon misses you.
Your skin crawls.
You feel strong-willed. The water moccasin bites you.
* * * LOW HITPOINT WARNING * * *
The acid dragon bites you.
* * * LOW HITPOINT WARNING * * *
The acid dragon claws you but does no damage.
The water moccasin misses you. The water moccasin closely misses you.
The acid dragon spits acid at you. The splash of acid hits you!!
You die...

,,,,,,,,..,,,* #####...#.......#
,,,,,,,,...,,* #######..........
,,,,,*,,...#** ########.........
,,,,,,,,..PP###*########.........
,,,,,,,,.......##.....##.........
,,,,>,,,...♣...††(.....#.........
,,,,,,,,.P.....†........#.......#
,,,,,,,,......).†................
,,,,,,,,.......D@)...............
,,,,,,,,.......S.................
,,*,,,,,........~≈~~~≈~....<.....
,,,,,,,,........~#####~..........
**,,,,,,#.......~#,,,#~.#.......#
******,#.......~.,∩,#~........##
*,..####..~#,,,#~..####### **##*
#..~#****~,,* **,~~~~~~~,,*


You could see a water moccasin and an acid dragon (catching breath).

Vanquished Creatures
  Joseph (D:8)
  A kobold demonologist (D:8)
  A troll (D:9)
  2 wyverns (D:9)
  2 basilisks (D:9)
  4 yaks (D:9)
  2 vampire mosquitoes (D:7)
  2 steam dragons
  A water moccasin (D:9)
  2 orc warriors
  2 sky beasts
  An ice beast (D:5)
  2 ogres (D:4)
  3 phantoms
  8 kobold brigands
  6 bullfrogs
  13 scorpions
  9 wights
  6 killer bees (D:9)
  3 howler monkeys
  4 human zombies (Ossuary)
  A centaur zombie (Ossuary)
  4 hounds
  7 orc priests
  4 gnoll boudas
  2 iguanas
  7 orc wizards
  3 mummies (Ossuary)
  17 gnolls
  7 adders
  An ufetubus (D:4)
  2 dart slugs (D:1)
  23 orcs
  9 endoplasms
  A giant cockroach (D:4)
  3 gnoll zombies (Ossuary)
  12 goblins
  9 hobgoblins
  A quokka (D:4)
  5 ball pythons
  7 bats
  2 frilled lizards (D:2)
  4 goblin zombies (Ossuary)
  2 hobgoblin zombies (Ossuary)
  14 kobolds
  A kobold zombie (Ossuary)
  2 orc zombies (Ossuary)
  9 rats
234 creatures vanquished.

Notes
Turn   | Place    | Note
-------+----------+-------------------------------------------
     0 | D:1      | Pooter the Minotaur Berserker began the quest for the Orb.
     0 | D:1      | Reached XP level 1. HP: 19/19 MP: 0/0
   100 | D:1      | Reached skill level 4 in Axes
   114 | D:1      | Reached XP level 2. HP: 27/27 MP: 1/1
   582 | D:2      | Reached XP level 3. HP: 33/33 MP: 2/2
   589 | D:2      | Reached ** piety under Trog
   753 | D:2      | Reached skill level 5 in Axes
   978 | D:2      | Reached XP level 4. HP: 41/41 MP: 3/3
  1673 | D:4      | Found a hazy altar of Hepliaklqana.
  1704 | D:4      | Found a staircase to the Ecumenical Temple.
  1724 | D:4      | Noticed an ogre
  1732 | D:4      | Killed an ogre
  1733 | D:4      | Reached skill level 5 in Fighting
  1733 | D:4      | Reached skill level 6 in Axes
  1733 | D:4      | Reached skill level 1 in Ranged Weapons
  1733 | D:4      | Reached XP level 5. HP: 40/48 MP: 4/4
  1792 | D:4      | Found a glowing golden altar of the Shining One.
  1792 | D:4      | Noticed a phantom
  1804 | D:4      | Killed a phantom
  1805 | D:4      | Reached XP level 6. HP: 56/56 MP: 5/5
  2513 | D:4      | Found an iron altar of Okawaru.
  2883 | D:4      | Reached skill level 7 in Axes
  2883 | D:4      | Reached XP level 7. HP: 46/61 MP: 6/6
  3196 | D:5      | Entered Level 5 of the Dungeon
  3354 | D:5      | Found a radiant altar of Vehumet.
  3426 | D:5      | Found a sand-covered staircase.
  3434 | Ossuary  | Entered an ossuary
  3554 | Ossuary  | Reached *** piety under Trog
  3662 | Ossuary  | Reached skill level 8 in Axes
  3662 | Ossuary  | Reached skill level 5 in Ranged Weapons
  3737 | Ossuary  | Reached XP level 8. HP: 71/71 MP: 7/7
  3815 | Ossuary  | Reached skill level 9 in Axes
  5317 | D:6      | Found a burning altar of Makhleb.
  5642 | D:6      | Reached skill level 10 in Axes
  5642 | D:6      | Reached XP level 9. HP: 79/79 MP: 8/8
  5862 | D:6      | Found a sacrificial altar of Ru.
  5877 | D:6      | Found a bloodstained altar of Trog.
  6176 | D:7      | Found a shimmering altar of Xom.
  6207 | D:7      | Reached **** piety under Trog
  6333 | D:7      | Reached skill level 11 in Axes
  6534 | D:7      | Found a shadowy altar of Dithmenos.
  6534 | D:7      | Found a glowing silver altar of Zin.
  7256 | D:8      | Found Peum's Assorted Antiques.
  7268 | D:8      | Bought a pink potion for 27 gold pieces
  7268 | D:8      | Bought a fizzy grey potion for 27 gold pieces
  7285 | D:8      | Noticed Joseph
  7299 | D:8      | Killed Joseph
  7528 | D:8      | Reached XP level 10. HP: 90/90 MP: 9/9
  8452 | D:8      | Reached skill level 12 in Axes
  8793 | D:8      | Reached skill level 10 in Ranged Weapons
  9173 | D:9      | Reached skill level 13 in Axes
  9194 | D:9      | Killed from afar by an acid dragon

Illustrated notes

Levels and vault maps discovered:
D:1:      moated_graveyard_arrival, layout_basic, hangedman_abyss_or_decor_stabs
D:2:      layout_loops_cross
D:3:      layout_rooms, nicolae_elevator_lobby_plus
D:4:      dreamdust_elfheim, layout_loops_cross, nicolae_tso_carved_into_rock,
          okawaru_metal_pillars_1_2, mainiacjoe_overflow_tiny_flanked,
          minmay_temple_entry_crystal_x, serial_rivers,
          chequers_serial_rivers_micro_d, chequers_serial_rivers_micro_a,
          chequers_serial_rivers_room_b, chequers_serial_rivers_large_b,
          chequers_serial_rivers_small_b, chequers_serial_rivers_micro_a
D:5:      layout_basic, mainiacjoe_overflow_alcove_1,
          nicolae_ossuary_entry_monument
D:6:      layout_gridville, kennysheep_little_box, nicolae_ru_path_of_blood,
          lemuel_crystal_altar
D:7:      layout_rooms, gammafunk_temple_overflow_forgotten
D:8:      layout_cave_pods, special_room [special_room_kobold], serial_shops,
          shop, uniq_joseph
D:9:      layout_rooms, minmay_lair_entry_grove, orc_0_dummy, enter_bailey_3,
          gammafunk_ghost_grave

Skill      XL: |  1  2  3  4  5  6  7  8  9 10 |
---------------+-------------------------------+-----
Axes           | 4 5 6 7 8 10 11 13 | 13.2
Fighting       | 4 5 6 7 8 9 |  9.9
Ranged Weapons | 1 2 3 5 7 9 11 | 11.2
Armour         | |  2.4
Dodging        | |  2.1

Action                     |  1- 3 |  4- 6 |  7- 9 | 10-12 || total
---------------------------+-------+-------+-------+-------++-------
  Melee: Hand axe          |   100 |    92 |    64 |       ||   256
         Headbutt          |    12 |    12 |    19 |     6 ||    49
         Punch             |       |     1 |       |       ||     1
         Spear             |       |       |    56 |       ||    56
         Battleaxe         |       |       |       |    46 ||    46
   Fire: Sling             |       |    25 |       |       ||    25
         Arbalest          |       |     7 |   176 |    50 ||   233
  Throw: Dart              |       |     1 |       |       ||     1
 Invoke: Berserk           |       |     3 |    10 |     3 ||    16
         Trog's Hand       |       |       |     4 |     4 ||     8
  Evoke: Wand              |       |       |     2 |       ||     2
    Use: Scroll            |     4 |       |    12 |     7 ||    23
         Potion            |       |       |       |     1 ||     1
 Armour: Chain mail        |    86 |    52 |       |       ||   138
         Swamp dragon scal |       |     1 |   113 |    86 ||   200
  Dodge: Dodged            |    43 |    46 |   145 |    60 ||   294

Table legend: (Time is in decaauts)
 A = Elapsed time spent in this place.
 B = Non-inter-level travel time spent in this place.
 C = Inter-level travel time spent in this place.
 D = Time resting spent in this place.
 E = Time spent auto-exploring this place.
 F = Levels seen in this place.
 G = Mean time per level.
                   A        B        C        D        E       F      G
               +--------+--------+--------+--------+--------+-----+--------+
         Total |   9446 |   9148 |    298 |   3308 |   3960 |  10 |  944.6 |
       Dungeon |   8889 |   8591 |    298 |   3112 |   3921 |   9 |  987.7 |
       Ossuary |    556 |    556 |      0 |    195 |     39 |   1 |  556.0 |
               +--------+--------+--------+--------+--------+-----+--------+

Top non-repeatable levels by time:
     D:8: 2339 daAuts
     D:4: 1541 daAuts
     D:6: 1367 daAuts
     D:5: 1010 daAuts
     D:7: 703 daAuts
     D:2: 658 daAuts
     D:1: 578 daAuts
 Ossuary: 556 daAuts
     D:3: 527 daAuts
     D:9: 163 daAuts
